 Dungeon Crawl Stone Soup version 0.29-a0-323-g050149af67 (webtiles) character file.

Game seed: 10882208558426967265

1820 Jortsu the Basher (level 9, -1/75 HPs)
             Began as a Hill Orc Fighter on Apr 10, 2022.
             Was an Initiate of Beogh.
             Slain by an orc warrior
             ... wielding a +0 war axe
              (5 damage)
             ... on level 7 of the Dungeon.
             The game lasted 00:10:20 (5616 turns).

Jortsu the Basher (Hill Orc Fighter)                Turns: 5616, Time: 00:10:21

Health: -1/75      AC: 16    Str: 21    XL:     9   Next: 10%
Magic:  9/9        EV: 18    Int:  8    God:    Beogh [......]
Gold:   292        SH:  0    Dex: 12    Spells: 8/8 levels left

rFire   . . .      SeeInvis .   (weapon currently unavailable)
rCold   . . .      Faith    .   (shield currently unavailable)
rNeg    + + +      Spirit   .   (body armour currently unavailable)
rPois   +          Reflect  .   (helmet currently unavailable)
rElec   .          Harm     .   (cloak currently unavailable)
rCorr   .          Rampage  .   (gloves currently unavailable)
Will    .....                   (boots currently unavailable)
Stlth   +.........              (no amulet)
HPRegen 0.22/turn               y - +4 ring of protection
MPRegen 0.11/turn               (no ring)

@: fungus-form
A: melee confuse, terrified, no casting, tiny
a: Renounce Religion


You were on level 7 of the Dungeon.
You worshipped Beogh.
Beogh was noncommittal.
You were a sentient fungus.
You visited 1 branch of the dungeon, and saw 7 of its levels.

You collected 344 gold pieces.
You spent 52 gold pieces at shops.

Inventory:

Hand Weapons
 a - a +0 war axe
 f - a +3 vampiric eveningstar (melded)
 s - a +4 war axe of freezing
Armour
 b - a +0 scale mail (melded)
 c - a +0 buckler (melded)
 h - a +2 pair of gloves (melded)
 i - a +0 helmet (melded)
Jewellery
 v - a ring of fire
 y - a +4 ring of protection (left hypha)
Wands
 p - a wand of flame (24)
 r - a wand of digging (6)
 z - a wand of charming (12)
Scrolls
 k - a scroll of enchant weapon
 n - a scroll of fear
 q - a scroll of teleportation
Potions
 d - 4 potions of might
 e - 3 potions of brilliance
 g - 4 potions of curing
 j - a potion of magic {unknown}
 l - a potion of lignification
 m - 2 potions of attraction
 o - 2 potions of heal wounds
 t - 2 potions of invisibility
 u - a potion of flight {unknown}


   Skills:
 + Level 6.1 Fighting
 + Level 3.6(7.3) Axes
 + Level 8.4(8.6) Maces & Flails
 + Level 7.3 Armour
 + Level 1.8 Dodging
 + Level 0.8 Stealth
 + Level 4.3 Shields


You had 8 spell levels left.
You didn't know any spells.
Your spell library contained the following spells:

 Spells                   Type           Power      Damage    Failure   Level
 Animate Skeleton         Necr           0%         N/A       41%         1
 Beastly Appendage        Tmut           0%         N/A       41%         1
 Magic Dart               Conj           0%         1d3       41%         1
 Pain                     Necr           0%         1d4       41%         1
 Call Imp                 Summ           0%         N/A       54%         2
 Wereblood                Tmut           0%         N/A       54%         2
 Conjure Flame            Conj/Fire      0%         6-21      78%         3
 Ignite Poison            Fire/Tmut/Pois 0%         N/A       78%         3
 Mephitic Cloud           Conj/Pois/Air  0%         N/A       78%         3
 Spider Form              Tmut/Pois      0%         N/A       78%         3
 Vampiric Draining        Necr           0%         2d6       78%         3
 Sticky Flame             Conj/Fire      0%         2d3       99%         4


Dungeon Overview and Level Annotations

Branches:
Dungeon (7/15)             Temple (0/1) D:6

Altars:

Shops:
D:4 ?   D:6 *   D:7 *


Message History

Beogh accepts your kill.
Your life force feels restored.
Your Fighting skill increases to level 6!
You see here a bullfrog corpse.
You see here a bullfrog corpse.
You see here a +1 flail of holy wrath.
There is a stone staircase leading up, spattered with blood here.
Things that are here:
a +0 halberd; a +0 robe An orc warrior comes into view.
It is wielding a +0 war axe and carrying a wand of polymorph (10).
Found Duck's General Store.
An orc and an orc priest come into view.
The orc warrior shouts!
The orc shouts!
The orc priest shouts!
You hear a shout!
An orc comes into view. It is wielding a +0 dagger.
The orc shouts!
You hit the orc warrior but do no damage.
The orc warrior barely misses you.
You hit the orc warrior but do no damage.
The orc priest looks braver for a moment.
The orc warrior zaps a wand.
You turn into a sentient fungus.
Your +3 vampiric eveningstar melds into your body.
Your +0 helmet melds into your body.
Your +2 pair of gloves melds into your body.
Your +0 buckler melds into your body.
Your +0 scale mail melds into your body.
You feel the dreadful sensation subside.
You release spores at the orc warrior!
The orc warrior is heavily wounded.
The orc priest calls down the wrath of Beogh upon you.
Beogh smites you!
* * * LOW HITPOINT WARNING * * *
The orc warrior hits you with a +0 war axe!
* * * LOW HITPOINT WARNING * * *
You release spores at the orc warrior but do no damage.
The orc warrior is heavily wounded.
The orc priest looks braver for a moment.
The orc warrior hits you with a +0 war axe.
You die...
Beogh appreciates the orc warrior's killing of a heretic priest.

#...<####...........
#.))..##............
#.)...##............
#..<................
#.)..##.......∩.∩...
..
##.####.............
#.###†#
####.....∩.∩...
#.....###.........#...
###.......###..f###
#.###...# ###.oo.# ...
....... ####.# ..... #
..### .o ...# ..# ...
..# .# .. .. .# .


You could see an orc warrior, an orc priest and an orc.

Vanquished Creatures
  3 yaks (D:6)
  A black bear (D:3)
  3 phantoms
  Blork the orc (D:6)
  3 bullfrogs
  2 scorpions (D:6)
  3 wights (D:7)
  2 howler monkeys
  3 hounds
  A jelly (D:6)
  Jessica (D:2)
  3 iguanas
  Robin (D:2)
  4 gnolls
  7 adders
  An ufetubus (D:4)
  7 worms
  7 orcs
  5 ball pythons
  3 endoplasms
  4 giant cockroaches
  18 goblins
  8 hobgoblins
  4 jackals (D:1)
  8 kobolds
  3 quokkas
  6 bats
  5 frilled lizards
  3 rats
120 creatures vanquished.

Vanquished Creatures (others)
  4 toadstools (D:1)
4 creatures vanquished.

Grand Total: 124 creatures vanquished

Notes
Turn   | Place    | Note
-------+----------+-------------------------------------------
     0 | D:1      | Jortsu the Hill Orc Fighter began the quest for the Orb.
     0 | D:1      | Reached XP level 1. HP: 19/19 MP: 1/1
   258 | D:1      | Reached XP level 2. HP: 27/27 MP: 2/2
   701 | D:1      | Found a faded altar of an unknown god.
   778 | D:1      | Reached XP level 3. HP: 29/33 MP: 3/3
  1094 | D:1      | Identified a scroll of acquirement
  1094 | D:1      | Acquired a +2 vampiric eveningstar
  1489 | D:2      | Noticed Robin
  1512 | D:2      | Reached skill level 1 in Maces & Flails
  1512 | D:2      | Reached XP level 4. HP: 32/40 MP: 4/4
  1520 | D:2      | Killed Robin
  1555 | D:2      | Noticed Jessica
  1570 | D:2      | Killed Jessica
  1571 | D:2      | Reached skill level 2 in Maces & Flails
  2152 | D:2      | Reached XP level 5. HP: 45/46 MP: 5/5
  2293 | D:3      | Noticed a black bear
  2297 | D:3      | Killed a black bear
  2298 | D:3      | Reached skill level 3 in Maces & Flails
  2298 | D:3      | Reached skill level 1 in Dodging
  2613 | D:3      | Reached XP level 6. HP: 53/53 MP: 6/6
  3191 | D:4      | Found Ohays's Magic Scroll Emporium.
  3194 | D:4      | Bought a scroll of identify for 26 gold pieces
  3194 | D:4      | Bought a scroll of identify for 26 gold pieces
  3213 | D:4      | Reached skill level 5 in Armour
  3237 | D:4      | Reached skill level 4 in Maces & Flails
  3708 | D:5      | Entered Level 5 of the Dungeon
  3727 | D:5      | Reached XP level 7. HP: 55/60 MP: 7/7
  3979 | D:5      | Reached skill level 5 in Maces & Flails
  4390 | D:5      | Reached skill level 5 in Fighting
  4410 | D:6      | Noticed a yak
  4410 | D:6      | Noticed a yak
  4410 | D:6      | Noticed a yak
  4414 | D:6      | Killed a yak
  4415 | D:6      | Reached skill level 6 in Maces & Flails
  4415 | D:6      | Reached XP level 8. HP: 68/68 MP: 8/8
  4428 | D:6      | Killed a yak
  4432 | D:6      | Killed a yak
  4433 | D:6      | Reached skill level 7 in Maces & Flails
  4518 | D:6      | Noticed Blork the orc
  4527 | D:6      | Killed Blork the orc
  4728 | D:6      | Found a staircase to the Ecumenical Temple.
  4763 | D:6      | Became a worshipper of Beogh the Brigand
  5184 | D:6      | Found Rutheidd's Gadget Gallery.
  5530 | D:7      | Reached XP level 9. HP: 41/71 MP: 9/9
  5534 | D:7      | Reached skill level 8 in Maces & Flails
  5538 | D:7      | HP: 3/71 [wight/+0 halberd (3)]
  5608 | D:7      | Found Duck's General Store.
  5616 | D:7      | Slain by an orc warrior

Illustrated notes

Levels and vault maps discovered:
D:1:      ldierk_water_garden, layout_loops_corners, basic_ecumenical_altar,
          serial_glass, glass_columns_c, glass_columns_a
D:2:      layout_basic, minmay_large_rounded_square, uniq_jessica, uniq_robin
D:3:      layout_loops_cross
D:4:      layout_basic, serial_shops, kennysheep_mini
D:5:      layout_basic
D:6:      layout_loops_corners, minmay_temple_entry_slanted,
          nicolae_shop_gadgets, uniq_blork_the_orc
D:7:      layout_rooms, mainiacjoe_overflow_alcove_1, enter_bailey_3,
          serial_shops, nicolae_shop_competitors_out_of_business

Skill      XL: |  1  2  3  4  5  6  7  8  9 |
---------------+----------------------------+-----
Axes           | 3 |  3.6
Fighting       | 4 5 6 |  6.1
Maces & Flails | 1 2 3 4 6 7 8 |  8.4
Armour         | 4 5 7 |  7.3
Dodging        | 1 |  1.8
Shields        | 4 |  4.3
Stealth        | |  0.8

Action                   |  1- 3 |  4- 6 |  7- 9 || total
-------------------------+-------+-------+-------++-------
Melee: War axe           |    60 |       |       ||    60
       Eveningstar       |    57 |   129 |   106 ||   292
       Unarmed           |       |       |     2 ||     2
Invok: Convert to Beogh  |       |       |     1 ||     1
  Use: Scroll            |     5 |     9 |     4 ||    18
Armor: Scale mail        |    74 |    88 |    32 ||   194
Dodge: Dodged            |    76 |    72 |    40 ||   188
Block: Buckler           |    34 |    34 |    18 ||    86

Table legend: (Time is in decaauts)
 A = Elapsed time spent in this place.
 B = Non-inter-level travel time spent in this place.
 C = Inter-level travel time spent in this place.
 D = Time resting spent in this place.
 E = Time spent auto-exploring this place.
 F = Levels seen in this place.
 G = Mean time per level.
                   A        B        C        D        E       F      G
               +--------+--------+--------+--------+--------+-----+--------+
         Total |   5740 |   5588 |    152 |   1114 |   3268 |   7 |  820.0 |
       Dungeon |   5740 |   5588 |    152 |   1114 |   3268 |   7 |  820.0 |
               +--------+--------+--------+--------+--------+-----+--------+

Top non-repeatable levels by time:
     D:1: 1282 daAuts
     D:6: 1112 daAuts
     D:2: 1082 daAuts
     D:4: 885 daAuts
     D:5: 705 daAuts
     D:3: 558 daAuts
     D:7: 114 daAuts
